Cogmind - Beta 15 @@@ ROGUE MODE // 2025.08.06 @ 18:34:21 Player: LameThyst Result: Destroyed by G-34 Mercenary with Small Laser Performance ------------- Evolutions (0) 0 Regions Visited (1) 200 Robots Destroyed (17) 85 Value Destroyed (337) 337 Prototype IDs (0) 0 Alien Tech Used (0) 0 Bonus (0) 0 TOTAL SCORE: 622 Bonus ------- None Cogmind --------- Core Integrity 0/250 Matter 300/300 Energy 100/100 System Corruption 0% Temperature Cool (6) Movement Core (200) Ox3 Location -10/Materials Parts ------- > --- POWER (1) -------- (None) > --- PROPULSION (2) --- (None) > --- UTILITY (2) ------ Medium Storage Unit > --- WEAPON (2) ------- Mining Claw > --- INVENTORY (10) --- Ion Engine Aluminum Leg Aluminum Leg Aluminum Leg Improved Heat Sink Structural Scanner Signal Interpreter Seismic Detector Hacking Suite Peak State ------------ > --- POWER ------------ Ion Engine > --- PROPULSION ------- Aluminum Leg Aluminum Leg > --- UTILITY ---------- Small Storage Unit Seismic Detector > --- WEAPON ----------- EM Pulse Gun Particle Gun > --- INVENTORY -------- Ion Engine Aluminum Leg Aluminum Leg Improved Heat Sink Structural Scanner Seismic Detector Small Laser Mining Laser [Rating: 9] Favorites ----------- Power Ion Engine Engine Ion Engine Propulsion Aluminum Leg Leg Aluminum Leg Utility Seismic Detector Device Seismic Detector Storage Medium Storage Unit Weapon Small Laser Energy Gun Small Laser Ballistic Gun Light Assault Rifle Slashing Weapon Mining Claw Build | -11 -10 ------- Run | Yrd Mat Slots Evolved . | . . Power . | . . Propulsion . | . . Utility . | . . Weapon . | . . Parts Attached 21 | 8 13 Power 4 | 2 2 Engine 4 | 2 2 Core . | . . Reactor . | . . Propulsion 6 | 2 4 Treads . | . . Leg 6 | 2 4 Wheel . | . . Hover . | . . Flight . | . . Utility 4 | 2 2 Device 2 | 1 1 Storage 2 | 1 1 Processor . | . . Hackware . | . . Protection . | . . Artifact . | . . Weapon 7 | 2 5 Energy Gun 5 | 2 3 Energy Cannon . | . . Ballistic Gun 1 | . 1 Ballistic Cannon . | . . Launcher . | . . Special Weapon . | . . Impact Weapon . | . . Slashing Weapon 1 | . 1 Piercing Weapon . | . . Special Melee Weapon . | . . Unidentified Prototypes . | . . Parts Lost 9 | . 9 Power 1 | . 1 Propulsion 3 | . 3 Utility 1 | . 1 Weapon 4 | . 4 Highest Loss Streak 8 | . 8 To Critical Strikes . | . . Average Backups 7 | 3 8 Power . | . . Propulsion 2 | 1 2 Utility 2 | . 2 Weapon 1 | 1 2 Tool/Special . | . . Unused Backups 10 | . 10 Power . | . . Propulsion 5 | . 5 Utility 4 | . 4 Weapon 1 | . 1 Tool/Special . | . . Average Slot Usage (%) 97 | . 97 Engine 13 | . 13 Leg 26 | . 26 Device 13 | . 13 Storage 14 | . 14 Energy Gun 19 | . 19 Ballistic Gun 7 | . 7 Peak Build Rating 9 | 7 9 Average Rating 7 | 5 8 On Entrance 3 | . 7 Naked Turns . | . . Heaviest Build 20 | 14 20 Greatest Support 20 | 20 20 Greatest Overweight (x) 1 | . 1 Average Overweight (x) . | . . Largest Inventory Capacity 10 | 8 10 Average Capacity 8 | 7 9 Most Carried 10 | 7 10 Average Carried 7 | 3 8 Final Capacity 10 | 8 10 Final Carried 9 | 7 9 Class Distribution -------------------- 77% | Mutant 22% | Scavenger-Mutant Dominant Class ---------------- Mutant | -10/Materials Resources | -11 -10 ----------- Run | Yrd Mat Matter Collected 475 | 280 195 Remotely . | . . Salvage Created 508 | 126 382 Parts 32 | 11 21 Haulers Intercepted . | . . Recyclers Shooed . | . . Parts Field Recycled . | . . Retrieved Matter . | . . Parts Self-Destructed . | . . Prevented . | . . Kills | -11 -10 ------- Run | Yrd Mat Combat Hostiles Destroyed 12 | . 12 Melee 1 | . 1 Guns 11 | . 11 Classes Destroyed 6 | 2 4 Worker 1 | . 1 Tunneler 2 | 2 . Recycler 1 | 1 . Operator 1 | . 1 Swarmer 6 | . 6 Grunt 6 | . 6 Best Kill Streak 4 | 2 4 Combat Bots Only 4 | . 4 Max Kills in Single Turn 2 | 2 1 Gunslinging . | . . Exploded . | . . Melee 1 | . 1 Uniques/NPCs Destroyed . | . . Combat | -11 -10 -------- Run | Yrd Mat Hostile Shots Fired 137 | . 137 Missed 27 | . 27 Hits 110 | . 110 Projectile 110 | . 110 Damage Taken 1212 | 26 1186 Core 252 | . 252 Absorbed by Shields . | . . Core Remaining (%) 100 | 100 . Volleys Fired 45 | 3 42 Largest 2 | 2 2 Hottest 85 | 80 85 Shots Fired 88 | 5 83 Gun 88 | 5 83 Cannon . | . . Launcher . | . . Special . | . . Kinetic 33 | . 33 Thermal 43 | 3 40 Explosive . | . . Electromagnetic 12 | 2 10 Robot Hit Streak 17 | 5 17 Robot Miss Streak 2 | . 2 Penetration Max . | . . Secondary Targets 1 | . 1 Max Gunslinging Chain 1 | . 1 Shots Hit Robots 70 | 5 65 Core Hits 29 | 3 26 Critical Kills . | . . Critical Parts Destroyed . | . . Critical Strikes 1 | . 1 Burn 1 | . 1 Melee Attacks 8 | . 8 Impact . | . . Slashing 8 | . 8 Piercing . | . . Sneak Attacks . | . . Combat Hostiles . | . . Follow-up Attacks . | . . Damage Inflicted 1049 | 142 907 Guns 740 | 46 694 Cannons . | . . Explosions 193 | 96 97 Melee 116 | . 116 Ramming . | . . Kinetic 201 | . 201 Thermal 601 | 118 483 Explosive . | . . Electromagnetic 131 | 24 107 Impact . | . . Slashing 116 | . 116 Piercing . | . . Highest Corruption . | . . Average Corruption . | . . Corruption Purged . | . . Corruption Blocked . | . . Overload Shots . | . . Overflow Damage . | . . Projectiles . | . . Explosions . | . . Melee . | . . Knockbacks . | . . Impact . | . . Kinetic . | . . Secondary . | . . Self-Inflicted Damage 26 | 26 . Shots 1 | 1 . Rammed . | . . Targets Rammed . | . . Kicked . | . . Crushed . | . . Highest Temperature 213 | 48 213 Average Temperature 95 | 25 98 Received Heat Transfer 540 | . 540 Siege Activations . | . . Martial Activations . | . . Shielding Activations . | . . Robots Disrupted . | . . Combat Hostiles . | . . Robots Corrupted . | . . Combat Hostiles . | . . Parts Fried . | . . Impact Corruptions . | . . Robots Melted . | . . Combat Hostiles . | . . Parts Melted 4 | . 4 Heat Transferred 1267 | 200 1067 Parts Sabotaged . | . . Parts Stolen . | . . Parts Stripped . | . . Power Chain Reactions 2 | 1 1 Alert | -11 -10 ------- Run | Yrd Mat Maximum Alert Level . | . . Low Security (%) 100 | 100 100 Level 1 . | . . Level 2 . | . . Level 3 . | . . Level 4 . | . . Level 5 . | . . High Security . | . . Max Security . | . . Peak Influence 95 | 10 95 Initial . | . . Average 23 | 1 29 Influence Increases 342 | 15 327 Destroy 0b10 Robot/C 240 | . 240 Destroy 0b10 Robot/NC 25 | 15 10 Destroy Leader 50 | . 50 Successful Hack 10 | . 10 Disable Machine 15 | . 15 Destroy Structure 2 | . 2 Influence Decreases 313 | 15 298 Time Decay 223 | 15 208 Lost Part 90 | . 90 Squads Dispatched 2 | . 2 Investigation 1 | . 1 Extermination . | . . Reinforcement 1 | . 1 Assault . | . . Garrison . | . . Intercept . | . . Searches Triggered . | . . Construction Impeded . | . . Haulers Reinforced . | . . Active Scanning Responses . | . . Cargo Convoy Interrupts . | . . Stealth | -11 -10 --------- Run | Yrd Mat Distress Signals . | . . Communications Jammed . | . . Distress Signals . | . . Times Spotted 23 | . 23 Peak Tracking Total 8 | . 8 Tactical Retreats . | . . Traps | -11 -10 ------- Run | Yrd Mat Traps Triggered 1 | . 1 Indirectly . | . . Trap Hack Attempts . | . . Triggered . | . . Disarmed . | . . Reprogrammed . | . . Reused . | . . Traps Extracted . | . . Installed . | . . Triggered . | . . Machines | -11 -10 ---------- Run | Yrd Mat Machines Disabled 1 | . 1 Max in Single Turn 1 | . 1 Machines Repaired . | . . Machines Dismantled . | . . Machines Sabotaged . | . . Overloaded Fab Kills . | . . Hacking | -11 -10 --------- Run | Yrd Mat Machines Accessed 4 | . 4 Terminals 3 | . 3 Fabricators . | . . Repair Stations . | . . Recycling Units 1 | . 1 Scanalyzers . | . . Garrison Access . | . . Total Hacks 12 | . 12 Successful 5 | . 5 Failed 7 | . 7 Catastrophic . | . . Database Lockouts . | . . Manual 12 | . 12 Terminals 10 | . 10 Fabricators . | . . Repair Stations . | . . Recycling Units 2 | . 2 Scanalyzers . | . . Garrison Access . | . . Terminal Hacks . | . . Fabricator Hacks . | . . Repair Station Hacks . | . . Recycling Unit Hacks . | . . Scanalyzer . | . . Garrison Access Hacks . | . . Unauthorized Hacks 5 | . 5 Terminals 3 | . 3 Skim 3 | . 3 Fabricators . | . . Repair Stations . | . . Recycling Units 2 | . 2 Recyclers 1 | . 1 Mask 1 | . 1 Scanalyzers . | . . Garrison Access . | . . Data Cores Recovered 1 | . 1 Used . | . . Hacking Detections 3 | . 3 Full Trace Events . | . . Feedback Events . | . . Feedback Blocked . | . . Robot Schematics Acquired . | . . Robots Built . | . . Authchips . | . . Time . | . . Total Robot Build Rating . | . . Part Schematics Acquired . | . . Parts Built . | . . Authchips . | . . Time . | . . Total Part Build Rating . | . . Parts Repaired . | . . Time . | . . Parts Recycled . | . . Recycled Matter . | . . Retrieved Matter . | . . Retrieved Components . | . . Parts Scanalyzed . | . . Part Schematics Acquired . | . . Parts Damaged . | . . Bothacking | -11 -10 ------------ Run | Yrd Mat Used RIF Installer . | . . Robots Hacked . | . . Non-combat . | . . Combat . | . . Robot Hacks Applied . | . . Relay Couplers Released . | . . Fabnet Peak Effective % . | . . Robots Rewired . | . . Allies Hacked . | . . Hacks Repelled . | . . Allies | -11 -10 -------- Run | Yrd Mat Total Allies . | . . Largest Group . | . . Highest-Rated Group . | . . Highest-Rated Ally . | . . Total Orders . | . . Ally Attacks . | . . Total Damage . | . . Kills . | . . Allies Corrupted . | . . Allies Melted . | . . Intel | -11 -10 ------- Run | Yrd Mat Active Infowar (turns) 740 | 80 660 Structural 1 | . 1 Seismic 739 | 80 659 Robot Analysis Total . | . . Derelict Logs Recovered . | . . Drone Launches . | . . Drone Recoveries . | . . Exploration | -11 -10 ------------- Run | Yrd Mat Turns Passed 829 | 153 676 Spaces Moved 504 | 109 395 Core 5 | 5 . Treads . | . . Legs 499 | 104 395 Wheels . | . . Hover . | . . Flight . | . . Fastest Speed 50 | 50 120 Average Speed 119 | 116 120 Slowest Speed 190 | 120 190 Overloaded Moves . | . . Propulsion Burnouts . | . . Robots Hopped . | . . Potential Cave-ins . | . . Cave-ins Triggered . | . . Exploration Rate (%) 32 | 5 60 Regions Visited 1 Branch Regions . Pre-discovered Areas . | . . Known Exits Taken . | . . Unknown Exits Taken 1 | 1 . Scrap Searched . | . . Spaces Dug . | . . Terrain Destroyed 2 | . 2 Melee . | . . Projectile . | . . AOE 2 | . 2 Terrain Rammed . | . . Walls Destroyed . | . . Machines Disabled . | . . Actions | -11 -10 --------- Run | Yrd Mat Total 628 | 125 503 Wait 16 | . 16 Move 503 | 108 395 Hop . | . . Pick Up 18 | 6 12 Fast Attach 9 | 7 2 Attach 3 | . 3 Detach . | . . Swap 14 | 1 13 Drop 12 | . 12 Fire 45 | 3 42 Melee 8 | . 8 Ram . | . . Kick . | . . Crush . | . . Escape Stasis . | . . Rewire . | . . Trap . | . . Miscellaneous . | . . Route ------- -11/Scrapyard -10/Materials (discovered 3 exits: [*Mat x2] / [*Min]) History --------- Turn | Location | Event 9 | -11/Scrapyard | Discovered new exit (range 16) 154 | -11/Scrapyard | Entered Materials 155 | -10/Materials | Met a group of wandering Federalists 298 | -10/Materials | Discovered new exit (range 7) 316 | -10/Materials | Build established: Mutant 398 | -10/Materials | Discovered new exit (range 8) 746 | -10/Materials | Discovered new exit (range 13) 804 | -10/Materials | Core integrity fell below 50% 821 | -10/Materials | Core integrity fell below 20% 830 | -10/Materials | Destroyed by G-34 Mercenary with Small Laser Last Messages --------------- 00775_ K-01 Serf collects debris. 00780_ S-10 Pest destroyed. 00782_ K-01 Serf collects debris. 00783_ S-10 Pest destroyed. 00786_ K-01 Serf collects debris. 00788_ Aluminum Leg destroyed. 00790_ K-01 Serf collects debris. 00793_ Acquired Aluminum Leg. 00800_ Aluminum Leg destroyed. 00803_ Acquired 31 matter. 00804_ Sml. Laser destroyed. 00806_ Acquired 10 matter. 00814_ Seismic Detector destroyed. 00817_ Ion Engine destroyed. 00819_ M-13 Machinist repairs G-34 Mercenary. 00821_ M-13 Machinist repairs W-16 Scout Lgt. Ion Engine. 00822_ Lgt. Assault Rifle destroyed. 00823_ Aluminum Leg destroyed. 00826_ G-34 Mercenary destroyed. Map ----- +----------------------------------------------------+ | # #?????????? | | ## ##?????????? ######## ##+######### | | ## ########### ????????#######??????????# | | ## ?????????????????????????# | | ## ?????????????????????????# | | ##### ?????????????????????????# | | ????# #############???????????????????????????# | | ##### #????????????????r??????????????????????# | | | # #???????????????? ????????????????????# | | # #???????????????# #?????????????####### | | "" # #???????????????# #?????????????# | | T" + #??###########?## ##????????????+ | | "" # #??# #" #????????????# | | # #??# #"" #????????????#+##+### | | ##### ##?# #!! #?????????????? ???? | | #### % | ### #"" < #????????????# ?????? | | + #?| w #????????????#??????? | | ### #?" #???????????????????? | | #?# #?? #???????????????????? | | +### #?# #??# #????????????????????? | | ???## ###########+####### #????????????????????? | | ???## #????????????????????? | | ???+ ########?????????????? | | ???## g# #?????????????? | | ????# ####+#########+##% # """ #?????????????? | | ????# ## # ##@ # """ #?????????????? | | ????# ## """ # ##%g[+ """ #?????????????? | | ###?# ## """ # """ + *m=# #?????????????? | | #?# ## """ # """ ## %# #?????????????? | | #?# ## # """ ## ########?????????????? | | #?# ## """ # ## #????????????????????? | | ##### !## """ ######### %#????????????????????? | | #### !%## """ #???????# =#????????????????????? | | %[## #???????# #????????????????????? | | T ^+ """ #???????# w#????????????????????? | | #### [## "?" ???????? a ????????????????????? | | #####+#### "?" ???????? ????????????????????? | | # # ?? ???????? ????????????????????? | | # ###?#?#???????# #???????????????????? | | # #?????????????# #???????????????????? | | # #?????????????## ##???????????????????? | | # #??????????????# #????????????????????? | | # #??????????????? ?????????????????????? | | + #???????????????????????????????????????? | | # #???????????????????????????????????????? | | ##########???????????????????????????????????????? | | = #????????????????????????????????????????????? | | """ #????????????????????????????????????????????? | | """ #????????????????????????????????????????????? | | """ #????????????????????????????????????????????? | +----------------------------------------------------+ Best States ------------- Heat Dissipation 25 Energy Generation 10 Energy Capacity 250 Matter Stores 300 Matter Capacity 300 Sight Range 16 Terrain Scan Density 10 Evasion (%) 55 Item Schematics ----------------- None Robot Schematics ------------------ None Fabricated ------------ Nothing Repaired ---------- Nothing Alien Tech Used ----------------- None Achievements -------------- None Challenges ------------ None Game ------ Seed ScatterTachyonAutobeam Manual? 0 Play Time 00:09:58 Cumulative 114.6 hours Start 2025.08.04 @ 10:23:46 End 2025.08.06 @ 18:34:21 Sessions 2 Manual Loads 0 Difficulty Rogue Special Mode None Game No. 128 Rogue 128 Adventurer 0 Explorer 0 Win Type - Total 0 Types 0/0/0/0/0/0/0/0/0/0 Lore% 60 Gallery% 44 Achievement% 35 Wizard Run 0 Options --------- Layout 1 ASCII 0 Keyboard 0 Movement Mouse Keybinds 0 Fullscreen 2 Font 48/Smallcaps Map View 50x35 Zoom Use 0% Tactical HUD 1 Map Filters NONE Filters NONE Steam 0 RUN: 30b7eeab-8e48-4e82-9178-9cdea4eb3fe9